 Dungeon Crawl Stone Soup version 0.27.1-34-g3ba077fa99 (webtiles) character file.

Game seed: 18231522444955056351

3094 growler the Zephyrmancer (level 9, -1/45 HPs)
             Began as a Tengu Air Elementalist on Jan 26, 2022.
             Was a Believer of Vehumet.
             Slain by a four-headed hydra (12 damage)
             ... on level 8 of the Dungeon.
             The game lasted 00:17:03 (8944 turns).

growler the Zephyrmancer (Tengu Air Elementalist)   Turns: 8944, Time: 00:17:04

Health: -1/45      AC:  3    Str:  9    XL:     9   Next: 90%
Magic:  6/17       EV: 14    Int: 19    God:    Vehumet [**....]
Gold:   396        SH:  0    Dex: 14    Spells: 8/18 levels left

rFire    . . .     SeeInvis .   (no weapon)
rCold    . . .     Faith    .   (no shield)
rNeg     . . .     Spirit   .   a - +0 robe
rPois    .         Reflect  .   (helmet restricted)
rElec    .         Harm     .   j - +0 cloak
rCorr    .         Rampage  .   (no gloves)
Will     .....                  (boots unavailable)
Stlth    ++........             (no amulet)
HPRegen  0.15/turn              (no ring)
MPRegen  0.15/turn              (no ring)

@: about to teleport, flying quickly and evasively, quick
A: beak, talons 3, nimble flight
a: Renounce Religion


You were on level 8 of the Dungeon.
You worshipped Vehumet.
Vehumet was pleased with you.
You visited 2 branches of the dungeon, and saw 9 of its levels.

You collected 396 gold pieces.

Inventory:

Missiles
 q - 2 throwing nets {!f}
Armour
 a - a +0 robe (worn)
 j - a +0 cloak (worn)
   (You found it on level 4 of the Dungeon)
 r - a +1 pair of gloves
   (You found it on level 6 of the Dungeon)
 u - a +0 buckler
   (You took it off a gnoll sergeant on level 7 of the Dungeon)
 y - a scarf of shadows
   (You found it on level 7 of the Dungeon)
Jewellery
 p - an amulet of the acrobat
   (You took it off an orc on level 5 of the Dungeon)
Wands
 v - a wand of digging (5)
   (You took it off an orc on level 5 of the Dungeon)
 x - a wand of acid (3)
   (You found it on level 4 of the Dungeon)
Scrolls
 b - a scroll of vulnerability {unknown}
 c - a scroll of magic mapping
 e - a scroll of amnesia {unknown}
 h - 2 scrolls of identify {@r1}
 i - a scroll of brand weapon {unknown}
 n - a scroll of enchant armour {unknown}
 o - a scroll of noise {unknown}
Potions
 d - 3 potions of haste {unknown}
 g - a potion of degeneration {unknown}
 k - a potion of cancellation {unknown}
 l - a potion of resistance
 m - 2 potions of heal wounds {@q2}
 s - a potion of attraction {unknown}
 t - 2 potions of curing {unknown}
 w - a potion of berserk rage {unknown}


   Skills:
 - Level 2.1 Dodging
 - Level 2.0 Stealth
 - Level 5.0 Spellcasting
 - Level 9.0 Conjurations
 + Level 13.6 Air Magic


You had 8 spell levels left.
You knew the following spells:

 Your Spells              Type           Power      Damage    Failure   Level
a - Shock                 Conj/Air       100%       1d9       1%          1
b - Airstrike             Air            27%        N/A       1%          4
d - Static Discharge      Conj/Air       47%        N/A       1%          2
s - Swiftness             Air            54%        N/A       1%          3

Your spell library contained the following spells:

 Spells                   Type           Power      Damage    Failure   Level
 Foxfire                  Conj/Fire      84%        2x1d8     1%          1
 Poisonous Vapours        Pois/Air       60%        N/A       1%          2
 Dazzling Flash           Conj/Hex       42%        N/A       6%          3
 Stone Arrow              Conj/Erth      42%        3d9       6%          3
 Freeze                   Ice            16%        1d4       12%         1
 Pain                     Necr           16%        1d4       12%         1
 Sting                    Tmut/Pois      16%        1d3       12%         1
 Hailstorm                Conj/Ice       21%        3d6       19%         4
 Silence                  Hex/Air        15%        N/A       22%         5
 Frozen Ramparts          Ice            8%         1d2       36%         3
 Animate Armour           Summ/Erth      8%         N/A       77%         4
 Olgreb's Toxic Radiance  Pois           4%         N/A       77%         4
 Agony                    Necr           4%         N/A       98%         5
 Excruciating Wounds      Necr           2%         N/A       98%         5
 Lehudib's Crystal Spear  Conj/Erth      10%        10d4      100%        8


Dungeon Overview and Level Annotations

Branches:
Dungeon (8/15)             Temple (1/1) D:4
   Lair: D:8-11

Altars:
Cheibriados
Dithmenos
Elyvilon
Fedhas
Hepliaklqana
Kikubaaqudgha
Makhleb
Nemelex Xobeh
Okawaru
Ru
Trog
Uskayaw
Vehumet
Wu Jian
Xom
Yredelemnul
The Shining One


Innate Abilities, Weirdness & Mutations

You have a beak for a mouth.
You have claws for feet.
Your magical nature lets you fly swiftly and evasively.


Message History

The wight is struck by an arc of lightning.
You are struck by an arc of lightning.
The lightning grounds out.
The wight hits you with a +3 flail of freezing!
The wight freezes you.
* * * LOW HITPOINT WARNING * * *
The wight is struck by an arc of lightning!
You are struck by an arc of lightning.
* * * LOW HITPOINT WARNING * * *
The lightning grounds out.
The wight hits you with a +3 flail of freezing!
* * * LOW HITPOINT WARNING * * *
The wight freezes you.
* * * LOW HITPOINT WARNING * * *
A two-headed ogre comes into view.
It is wielding a +0 giant club and a +0 giant spiked club.
The two-headed ogre shouts in stereo!
Found a fuming grey potion.
A steam dragon comes into view.
Aim: a wight, wielding a +3 flail of freezing and wearing a +0 robe (almost destroyed)
The air twists around and strikes the wight!
You destroy the wight!
Vehumet accepts your kill.
As you read the scroll of teleportation {@r4}, it crumbles to dust.
You feel strangely unstable.
Your surroundings suddenly seem different.
You start resting.
A bullfrog comes into view.
Aim: a bullfrog The air twists around and strikes the bullfrog!!
Aim: a bullfrog (severely wounded)
The air twists around and strikes the bullfrog!
You kill the bullfrog!
Vehumet accepts your kill.
You feel your power returning.
You start resting.
A four-headed hydra comes into view.
Found a book of the Tundra.
The four-headed hydra roars!
You hear a bellow!
You hear a shout!
A yak comes into view.
A centaur comes into view.
A two-headed ogre comes into view. It is wielding two +0 giant clubs.
The two-headed ogre shouts in stereo!
The centaur wields a +0 shortbow.
The centaur shoots an arrow.
The arrow barely misses you.
As you read the scroll of teleportation {@r4}, it crumbles to dust.
You feel strangely unstable.
The centaur shoots an arrow.
The arrow closely misses you.
A centaur zombie comes into view.
The four-headed hydra completely misses you.
The four-headed hydra bites you!
You die...

.........#
...#...#..#
.#.Zc#.#...#
...#...#O...
...........#
.#...#...#.#
#:#...#.#..##
...#...#..D.#
..Y.......@##
.##........#
#......###
#......#
########


You could see a four-headed hydra, a two-headed ogre, a centaur and a centaur
zombie (wandering).

Vanquished Creatures
  Grinder (D:6)
  An acid dragon (D:8)
  3 water moccasins
  2 black bears
  An orc warrior (D:7)
  4 ogres
  An ice beast (D:7)
  A necrophage (D:6)
  A centaur (D:5)
  2 kobold brigands
  3 bullfrogs
  3 scorpions
  2 gnoll sergeants
  A water moccasin zombie (D:7)
  2 wights (D:8)
  A howler monkey (D:6)
  A crimson imp (D:5)
  5 orc priests
  A hound (D:4)
  A jelly (D:5)
  A centaur skeleton (D:6)
  A gnoll shaman (D:7)
  An iguana (D:5)
  7 orc wizards
  3 hound skeletons
  A hound zombie (D:5)
  6 adders
  11 gnolls
  A white imp (D:6)
  2 worms
  A dart slug (D:3)
  15 orcs
  7 ball pythons
  6 endoplasms
  8 goblins
  3 hobgoblins (D:1)
  16 kobolds
  2 quokkas (D:2)
  A bat (D:1)
  3 frilled lizards
  7 rats
140 creatures vanquished.

Vanquished Creatures (others)
  A fungus (D:1)
  A plant (D:1)
2 creatures vanquished.

Grand Total: 142 creatures vanquished

Notes
Turn   | Place    | Note
-------+----------+-------------------------------------------
     0 | D:1      | growler the Tengu Air Elementalist began the quest for the
                  | Orb.
     0 | D:1      | Reached XP level 1. HP: 10/10 MP: 4/4
    82 | D:1      | You fall into a shaft and drop 1 floor!
   206 | D:1      | Found a faded altar of an unknown god.
   348 | D:1      | Reached XP level 2. HP: 15/15 MP: 1/6
   708 | D:1      | Learned a level 2 spell: Static Discharge
  1104 | D:2      | Reached XP level 3. HP: 19/19 MP: 0/7
  1212 | D:2      | Learned a level 3 spell: Swiftness
  2213 | D:3      | Reached XP level 4. HP: 9/24 MP: 0/9
  2548 | D:3      | Reached skill level 5 in Air Magic
  2803 | D:3      | Found a hide-covered altar of Uskayaw.
  2926 | D:3      | Found a blossoming altar of Fedhas.
  3211 | D:4      | Found an ancient bone altar of Kikubaaqudgha.
  3419 | D:4      | Found a staircase to the Ecumenical Temple.
  3454 | Temple   | Entered the Ecumenical Temple
  3846 | D:4      | Gained mutation: Your magical nature lets you fly swiftly
                  | and evasively. [Tengu growth]
  3846 | D:4      | Reached XP level 5. HP: 23/28 MP: 3/10
  3908 | D:4      | Learned a level 4 spell: Airstrike
  3992 | D:4      | Found an ornate altar of the Wu Jian Council.
  4022 | D:4      | Found a shimmering altar of Xom.
  4159 | D:5      | Entered Level 5 of the Dungeon
  4178 | D:5      | Noticed an ogre
  4331 | D:5      | Reached XP level 6. HP: 27/32 MP: 5/12
  4500 | D:5      | Reached skill level 6 in Air Magic
  4524 | D:5      | Reached skill level 5 in Conjurations
  4641 | D:5      | Noticed a black bear
  4646 | D:5      | Killed a black bear
  4647 | D:5      | Reached XP level 7. HP: 36/36 MP: 8/14
  4749 | D:5      | Reached skill level 7 in Air Magic
  5319 | D:5      | Found a radiant altar of Vehumet.
  5320 | D:5      | Found a burning altar of Makhleb.
  5325 | D:5      | Became a worshipper of Vehumet
  5471 | D:5      | Reached skill level 5 in Spellcasting
  5471 | D:5      | Reached XP level 8. HP: 30/41 MP: 9/16
  5615 | D:6      | Reached skill level 8 in Air Magic
  6171 | D:6      | Reached skill level 9 in Air Magic
  6438 | D:6      | Noticed Grinder
  6666 | D:6      | Killed Grinder
  6667 | D:6      | Reached skill level 10 in Air Magic
  6667 | D:6      | Reached XP level 9. HP: 44/45 MP: 5/17
  7303 | D:7      | Reached skill level 11 in Air Magic
  7304 | D:7      | Reached * piety under Vehumet
  7304 | D:7      | Offered knowledge of Foxfire by Vehumet.
  7611 | D:7      | Found a glowing golden altar of the Shining One.
  7855 | D:7      | Reached skill level 12 in Air Magic
  8531 | D:8      | Reached skill level 13 in Air Magic
  8883 | D:8      | HP: 2/45 [wight (6)]
  8884 | D:8      | Noticed a two-headed ogre
  8890 | D:8      | Reached ** piety under Vehumet
  8935 | D:8      | Noticed a four-headed hydra
  8941 | D:8      | Noticed a two-headed ogre
  8944 | D:8      | Slain by a four-headed hydra

Illustrated notes

Levels and vault maps discovered:
D:1:      erik_arrival_blinker_ship, layout_loops_corners,
          shapermc_ecumenical_altar_mp_urbaneastern
D:2:      layout_loops_ring
D:3:      layout_rooms, general_overflow_altar, eat_drink_and_be_merry_uskayaw
D:4:      layout_rooms, mainiacjoe_overflow_brackets,
          mainiacjoe_overflow_two_lobes, minmay_temple_entry_enclosed_plants
D:5:      layout_loops_ring, grunt_temple_overflow_lords_of_destruction,
          minmay_misc_feat_rugged
D:6:      layout_gridville, enter_ossuary_5, hex_tiny, uniq_grinder
D:7:      layout_rooms, amcnicky_altar_gilded,
          minmay_a_box_with_orc_wizards_in_it
D:8:      cheibrodos_fzero, layout_rooms, chequers_arboretum
Temple:   jpeg_temple_island

Skill      XL: |  1  2  3  4  5  6  7  8  9 |
---------------+----------------------------+-----
Conjurations   | 2 3 4 5 6 9 |  9.0
Air Magic      | 5 6 7 10 13 | 13.6
Spellcasting   | 3 4 5 |  5.0
Dodging        | |  2.1
Stealth        | |  2.0

Action                   |  1- 3 |  4- 6 |  7- 9 || total
-------------------------+-------+-------+-------++-------
Melee: Unarmed           |     5 |     1 |    14 ||    20
       Kick              |     1 |       |     7 ||     8
       Peck              |       |     1 |     2 ||     3
 Cast: Shock             |    45 |    67 |    34 ||   146
       Static Discharge  |    13 |    16 |    37 ||    66
       Airstrike         |       |       |    68 ||    68
       Swiftness         |       |       |     1 ||     1
  Use: Scroll            |       |     3 |     3 ||     6
Armor: Robe              |     3 |     3 |     6 ||    12
Dodge: Dodged            |     9 |     8 |    51 ||    68
